Map: Nightshade LE

Players

immOrTaL

  • Race: Zerg Zerg
  • League: Platinum
  • Spawn Location: 11:00

Unicorn - Winner!

  • Race: Protoss Protoss
  • Spawn Location: 5:00

VOD

Have the link to the VOD?

Description

Time

  • Played on: March 24, 2020, 2 p.m.
  • Length: 12:26
Show
View Real Time Build Order
Export as new Build Order

immOrTaL Zerg 

Build Orders: Hatch First 

Get SALT Encoding   

  12  0:01  Drone  
  13  0:13  Overlord  
  13  0:19  Drone  
  14  0:31  Drone x2  
  16  0:50  Hatchery  
  16  0:52  Drone  
  16  0:56  Drone  
  17  0:59  Drone  
  17  1:02  Extractor  
  17  1:15  Spawning Pool  
  16  1:22  Drone x2  
  18  1:29  Drone  
  19  1:39  Overlord  
  19  1:51  Drone  
  20  2:03  Zergling x4  
  20  2:04  Queen  
  20  2:05  Queen  
  26  2:24  Drone  
  26  2:25  Drone x3  
  30  2:34  Metabolic Boost  
  30  2:38  Drone  
  30  2:39  Drone  
  32  2:51  Drone x2  
  34  3:02  Evolution Chamber x2  
  32  3:13  Roach Warren  
  32  3:19  Drone x4  
  35  3:24  Overlord  
  35  3:26  Hatchery  
  34  3:38  Overlord  
  34  3:39  Drone x2  
  36  3:45  Drone  
  36  3:46  Drone x2  
  39  4:11  Drone  
  39  4:12  Drone x7  
  39  4:15  Queen  
  49  4:18  Queen  
  49  4:23  Drone  
  52  4:24  Overlord  
  52  4:25  Overlord  
  52  4:33  Zerg Missile Weapons Level 1  
  52  4:51  Roach x3  
  52  4:52  Roach x5  
  68  4:53  Queen  
  70  5:08  Roach x2  
  74  5:15  Overlord x2  
  74  5:20  Extractor  
  73  5:23  Overlord x2  
  73  5:34  Lair  
  73  5:35  Drone  
  74  5:36  Drone x6  
  74  5:37  Overlord  
  80  5:45  Drone  
  81  5:51  Hatchery  
  77  6:01  Roach  
  77  6:02  Roach x4  
  77  6:31  Roach  
  77  6:32  Roach x4  
  84  6:33  Roach  
  84  6:45  Extractor  
  83  6:47  Drone  
  83  6:48  Drone x5  
  89  7:04  Roach x4  
  97  7:10  Roach x2  
  97  7:15  Drone  
  102  7:16  Drone x2  
  104  7:28  Extractor  
  104  7:29  Extractor  
  102  7:31  Pneumatized Carapace  
  102  7:45  Drone x2  
  102  7:46  Overlord x3  
  104  7:53  Overlord x2  
  104  7:55  Zerg Ground Armor Level 1  
  104  7:57  Overlord x2  
  104  8:09  Drone  
  104  8:10  Drone x10  
  104  8:11  Drone x8  
  123  8:15  Queen  
  125  8:24  Infestation Pit  
  124  8:32  Overlord x2  
  124  8:38  Roach x11  
  124  8:39  Roach x2  
  150  8:54  Ravager x2  
  150  8:55  Ravager x2  
  145  9:27  Zergling x2  
  145  9:28  Zergling x34  
  153  9:40  Roach  
  153  9:41  Roach x3  
  98  10:15  Roach x8  
  98  10:16  Roach x4  
  116  10:33  Roach  
  116  10:34  Roach x3  
  117  10:54  Roach x8  
  133  10:57  Glial Reconstitution  
  133  11:00  Drone x4  
  97  11:28  Roach x8  
  82  11:35  Drone  
  82  11:36  Drone x5  
  82  11:44  Roach  
  82  11:45  Roach x3  
  88  11:51  Roach  
  90  12:05  Roach x7  
Show
View Real Time Build Order
Export as new Build Order

Unicorn Protoss - Winner!

Build Orders: 1 Gate Expand, Zealot Archon 

Get SALT Encoding   

  12  0:01  Probe  
  13  0:13  Probe  
  14  0:20  Pylon  
  14  0:25  Probe  
  15  0:38  Probe (Chrono Boost)  
  15  0:39  Gateway  
  16  0:49  Probe (Chrono Boost)  
  17  0:53  Probe (Chrono Boost), Assimilator  
  18  1:04  Probe  
  19  1:16  Probe  
  20  1:29  Nexus  
  20  1:42  Cybernetics Core  
  20  1:49  Pylon  
  20  1:54  Probe  
  20  2:00  Assimilator  
  21  2:03  Pylon  
  21  2:06  Probe  
  22  2:17  Gateway  
  22  2:18  Probe  
  23  2:26  Adept (Chrono Boost)  
  25  2:30  Probe (Chrono Boost)  
  26  2:42  Probe (Chrono Boost)  
  26  2:45  Twilight Council  
  26  2:48  Probe (Chrono Boost)  
  26  2:51  Probe (Chrono Boost)  
  28  2:53  Adept  
  28  2:55  Probe (Chrono Boost)  
  32  2:59  Probe (Chrono Boost)  
  32  3:00  Probe (Chrono Boost)  
  32  3:04  Sentry  
  35  3:10  Probe  
  35  3:12  Probe  
  37  3:18  Resonating Glaives (Chrono Boost)  
  37  3:19  Gateway  
  37  3:25  Warp Gate (Chrono Boost), Pylon  
  37  3:27  Probe x2  
  39  3:39  Probe x2  
  41  3:47  Assimilator  
  41  3:50  Assimilator  
  41  3:51  Probe  
  41  3:55  Pylon  
  42  3:56  Gateway  
  42  3:57  Forge  
  42  4:04  Adept  
  42  4:05  Stalker  
  46  4:10  Probe x2  
  48  4:17  Pylon  
  48  4:22  Probe x2  
  50  4:26  Robotics Facility  
  50  4:31  Pylon  
  50  4:46  Probe  
  50  4:49  Probe  
  52  4:53  Photon Cannon  
  52  4:54  Shield Battery  
  52  4:58  Probe  
  53  5:01  Adept  
  53  5:02  Adept x3  
  61  5:08  Protoss Ground Weapons Level 1 (Chrono Boost)  
  61  5:17  Templar Archives, Probe  
  61  5:18  Gateway, Probe  
  63  5:23  Adept x3  
  63  5:28  Sentry  
  71  5:30  Probe  
  72  5:58  Nexus  
  68  6:11  Probe x2  
  70  6:23  Probe x2  
  66  6:26  Adept x4  
  66  6:27  Adept  
  66  6:29  Observer (Chrono Boost)  
  75  6:35  Probe  
  75  6:36  Probe  
  75  6:37  Gateway  
  75  6:39  Gateway  
  73  6:41  Immortal (Chrono Boost)  
  73  6:43  Pylon  
  73  6:46  Pylon  
  77  6:48  Probe x2  
  77  6:54  Stalker x3  
  81  6:59  Pylon  
  81  7:00  Probe  
  87  7:01  Probe  
  87  7:03  Pylon  
  87  7:06  Pylon  
  87  7:08  Pylon, High Templar x2  
  91  7:12  Archon  
  91  7:13  Immortal (Chrono Boost)  
  95  7:20  Protoss Ground Armor Level 1 (Chrono Boost), Probe x3  
  98  7:29  Psionic Storm  
  98  7:32  Probe, Assimilator  
  98  7:34  Assimilator  
  99  7:43  Gateway  
  99  7:45  Shield Battery  
  99  7:55  Adept  
  99  7:57  Adept x3  
  99  7:58  Photon Cannon  
  107  7:59  Shield Battery  
  107  8:00  Sentry x2  
  107  8:03  Pylon  
  111  8:09  Probe x3  
  114  8:14  Forge  
  114  8:17  Observer  
  115  8:21  Robotics Facility  
  115  8:35  Sentry x2, High Templar  
  121  8:43  High Templar  
  121  8:48  Archon  
  123  8:51  Stalker x3  
  129  9:08  Nexus  
  129  9:09  Gateway  
  125  9:11  Gateway  
  125  9:12  Assimilator  
  125  9:14  Gateway, Assimilator  
  119  9:17  Pylon  
  119  9:18  Stalker x5, Immortal (Chrono Boost)  
  119  9:19  Stalker, Pylon  
  119  9:22  Pylon  
  135  9:34  Probe  
  135  9:35  Probe x2  
  136  9:49  Adept x5  
  118  10:18  Stalker  
  118  10:19  Stalker x5  
  122  10:25  Probe x4  
  120  10:32  Gateway  
  120  10:33  Gateway  
  120  10:36  Gateway  
  120  10:37  Probe x3  
  120  10:38  Photon Cannon  
  120  10:40  Photon Cannon  
  120  10:41  Immortal x2 (Chrono Boost)  
  123  10:42  Photon Cannon  
  123  11:00  Probe x4  
  123  11:04  High Templar x4  
  129  11:06  Stalker x3  
  129  11:08  Archon x2  
  141  11:12  Probe x3  
  141  11:13  Sentry x2, Immortal  
  138  11:26  Stalker x2  
  132  11:35  Sentry x2  
  132  11:36  Zealot  
  132  11:37  Zealot x4  
  146  11:51  Nexus  
  148  11:55  Assimilator  
  148  11:58  Assimilator  
  148  12:01  Pylon  
  148  12:04  Pylon  
  142  12:10  Stalker x6  
Tags
 
Add a new tag
Caveats
  • Supply blocks, unpowered buildings, or Contaminate may cause inaccurate times.
  • Supply counts are checked every 10 seconds.